 Dungeon Crawl Stone Soup version 0.32-a0-981-g384da2ce10 (webtiles) character file.

Game seed: 8044824067395989749

11340 LostInTranslocation the Destroyer (level 11, -5/77 HPs)
             Began as a Demonspawn Alchemist on Apr 21, 2024.
             Was a Priest of Vehumet.
             Succumbed to a cane toad's poison
             ... on level 1 of the Lair of Beasts.
             The game lasted 01:10:02 (11903 turns).

LostInTranslocation the Destroyer (DsAl)           Turns: 11903, Time: 01:10:03

Health: -5/77      AC: 11    Str:  8    XL:     11   Next: 48%
Magic:  20/22      EV: 12    Int: 26    God:    Vehumet [***...]
Gold:   568        SH:  5    Dex: 27    Spells: 12/25 levels left

rFire   . . .        K - +11 spear of Woe {protect, ^Fragile Will+ Dex+7}
rCold   . . .        M - orb {*channel}
rNeg    + + .        U - +1 leather armour of Repulsion {rN+ Int+6}
rPois   .            F - +2 helmet
rElec   .            X - +0 cloak
rCorr   .            (gloves unavailable)
SInv    .            (no boots)
Will    +....        v - amulet of reflection
Stlth   +++          n - +6 ring of dexterity
HPRegen 0.32/turn    C - ring of positive energy
MPRegen 0.18/turn

%: reflection, channel magic (20%)
@: lethally poisoned (-5 -> -43), weakened, wreathed by umbra
A: molten scales 2, demonic touch 3, foul shadow 1
a: Renounce Religion


You were on level 1 of the Lair of Beasts.
You worshipped Vehumet.
Vehumet was most pleased with you.
You visited 2 branches of the dungeon, and saw 11 of its levels.
You also visited: Sewer.

You collected 568 gold pieces.

Inventory:

Hand Weapons
 c - a +1 dagger of flaming
 i - a +2 hand axe of flaming
 A - a +1 whip of venom
 K - the +11 spear of Woe (weapon) {protect, ^Fragile Will+ Dex+7}
   (You found it on level 6 of the Dungeon)

   Dex+7:     It affects your dexterity (+7).
   Will+:     It increases your willpower.
   ^Fragile:  It will be destroyed if unequipped.
Missiles
 e - 6 boomerangs (quivered)
 W - 7 curare-tipped darts
Armour
 h - a +0 troll leather armour
 D - a +0 robe of cold resistance
 E - the +3 ring mail of Honesty {rPois}
   (You found it on level 6 of the Dungeon)

   rPois:     It protects you from poison.
 F - a +2 helmet (worn)
 M - an orb of energy (worn)
 R - the +2 scale mail of Xicoeh {Rampage Will+}
   (You found it on level 8 of the Dungeon)

   Will+:     It increases your willpower.
   Rampage:   It bestows one free step when moving towards enemies.
 U - the +1 leather armour of Repulsion (worn) {rN+ Int+6}
   (You found it on level 9 of the Dungeon)

   Int+6:     It affects your intelligence (+6).
   rN+:       It protects you from negative energy.
 X - a +0 cloak (worn)
Magical Staves
 z - a staff of earth
Jewellery
 n - a +6 ring of dexterity (left hand)
 v - an amulet of reflection (around neck)
 C - a ring of positive energy (right hand)
 T - an amulet of guardian spirit
Talismans
 B - the flux talisman of the Original Sin {rF+ rC+ MP+9}
   (You found it on level 5 of the Dungeon)

   [flux talisman]

   rF+:       It protects you from fire.
   rC+:       It protects you from cold.
   MP+9:      It affects your magic capacity (+9).
 J - a granite talisman
Wands
 x - a wand of polymorph (16)
 y - a wand of paralysis (4)
 L - a wand of iceblast (12)
 P - a wand of mindburst (17)
 Z - a wand of quicksilver (3)
Scrolls
 o - a scroll of teleportation
 O - a scroll of revelation
 Q - a scroll of amnesia
 S - 2 scrolls of enchant weapon
 Y - a scroll of identify
Potions
 b - a potion of magic
 g - 2 potions of mutation
 k - a potion of might
 q - a potion of cancellation
 s - 2 potions of resistance
 V - 3 potions of lignification


   Skills:
 - Level 4.3 Fighting
 - Level 2.2 Dodging
 - Level 1.7 Stealth
 + Level 7.9 Spellcasting
 - Level 12.0 Conjurations
 - Level 3.2 Air Magic
 - Level 9.0 Alchemy
 - Level 3.0 Shapeshifting


You had 12 spell levels left.
You knew the following spells:

 Your Spells              Type           Power      Damage    Failure   Level
a - Sting                 Conj/Alch      100%       1d9       1%          1
b - Mercury Vapours       Alch/Air       84%        N/A       1%          2
c - Mephitic Cloud        Conj/Alch/Air  51%        N/A       1%          3
d - Fulminant Prism       Conj/Alch      30%        3d15      1%          4
e - Dazzling Flash        Conj/Hex       82%        N/A       2%          3

Your spell library contained the following spells:

 Spells                   Type           Power      Damage    Failure   Level
 Kiss of Death            Conj/Necr      100%       2d13      1%          1
 Magic Dart               Conj           100%       1d8       1%          1
 Searing Ray              Conj           100%       2d8       1%          2
 Olgreb's Toxic Radiance  Alch           55%        N/A       2%          4
 Sticky Flame             Fire/Alch      33%        2d7       9%          4
 Confusing Touch          Hex            10%        N/A       47%         3
 Dispel Undead            Necr           10%        3d9       82%         4
 Haunt                    Necr/Summ      5%         N/A       100%        7
 Malign Gateway           Summ/Tloc      5%         N/A       100%        7
 Borgnjor's Revivificati  Necr           5%         N/A       100%        8
 Summon Horrible Things   Summ           5%         N/A       100%        8
 Death's Door             Necr           5%         N/A       100%        9


Dungeon Overview and Level Annotations

Branches:
Dungeon (10/15)            Temple (0/1) D:7            Lair (1/5) D:9
  Sewer (visited)
    Orc: D:9-12

Altars:
Dithmenos
Fedhas
Gozag
Okawaru
Qazlal
Sif Muna
Vehumet

Shops:
D:7 (

Portals:
Trove: D:10 (give horn of Geryon)


Innate Abilities, Weirdness & Mutations

You are mostly covered in molten scales. (AC +3)
Your touch may irresistibly damage your foes and sap their willpower.
You are faintly shadowed, very rarely releasing foul flame when damaged in melee.


Message History

Fumes of mercury billow around the cane toad!
The cane toad looks weaker.
Magical energy flows into your mind!
Casting: Mercury Vapours (safe; 1% risk of failure)
Confirm with . or Enter, or press ? or * to list all spells.
Aiming: Mercury Vapours (safe; 1% risk of failure)
Press: ? - help, Dir - move target, p - cane toad
Okay, then.
Casting: Mercury Vapours (safe; 1% risk of failure)
Confirm with . or Enter, or press ? or * to list all spells.
Aiming: Mercury Vapours (safe; 1% risk of failure)
Press: ? - help, Dir - move target, f/p - cane toad
Aim: a cane toad (lightly wounded, weak, umbra, chance to weaken: 96%) Fumes of mercury billow around the cane toad!
The cane toad looks even weaker.
You feel your attacks grow feeble. The cane toad stings you.
You are poisoned.
The cane toad poisons you!
You take 1 damage, and have 25/77 hp.
You now have 20/22 mp.
Okay, then.
As you read the scroll of teleportation, it crumbles to dust.
You feel strangely unstable.
* * * LOW HITPOINT WARNING * * *
You feel very sick. The cane toad stings you.
* * * LOW HITPOINT WARNING * * *
The cane toad is seared by the foul flame within you.
The cane toad is moderately wounded.
You take 7 damage, and have 18/77 hp.
* * * LOW HITPOINT WARNING * * *
You feel very sick.
The cane toad attacks as it pursues you!
The cane toad stings you!
* * * LOW HITPOINT WARNING * * *
You are more poisoned.
The cane toad poisons you!
You take 14 damage, and have 4/77 hp.
Your surroundings suddenly seem different.
Found a bubbling sapphire potion.
You die...

## ## ##
######.#.#..#.#
...............
.......@.......
...............
...............
.....!.........
..P............
##PP######P####
### ## .....#


There were no monsters in sight!

Vanquished Creatures
  A centaur warrior (D:10)
  A two-headed ogre (D:10)
  Pikel (D:5)
  Joseph (D:9)
  A black mamba (Lair:1)
  3 cane toads (Lair:1)
  A kobold demonologist (D:10)
  A rime drake (Lair:1)
  An efreet (D:10)
  A komodo dragon (Lair:1)
  2 trolls
  Prince Ribbit (D:6)
  Grinder (D:5)
  A basilisk (Lair:1)
  A wyvern (D:10)
  10 yaks
  Edmund (D:6)
  2 water moccasins
  Duvessa (D:6)
  An orc warrior (D:9)
  4 sky beasts
  An ogre (D:5)
  A centaur (D:7)
  3 lemures (D:5)
  Blork the orc (D:5)
  18 kobold brigands (D:9)
  5 bullfrogs
  A gnoll sergeant (D:9)
  8 wights (D:9)
  Dowan (D:6)
  4 howler monkeys
  A bombardier beetle (D:4)
  6 hounds
  6 orc priests
  4 iguanas
  Ijyb (D:5)
  3 sleepcaps
  Natasha (twice) (D:2)
  3 orc wizards
  13 adders
  9 gnolls
  2 river rats (Sewer)
  A shadow imp (D:3)
  2 ufetubi (D:7)
  2 dart slugs
  21 orcs
  5 bats
  8 endoplasms
  7 giant cockroaches
  10 goblins
  4 hobgoblins
  3 quokkas
  9 ball pythons
  6 frilled lizards
  22 kobolds
  25 rats
255 creatures vanquished.

Vanquished Creatures (others)
  A cyclops (D:9)
  92 fulminant prisms
93 creatures vanquished.

Grand Total: 348 creatures vanquished

Notes
Turn   | Place    | Note
-------+----------+-------------------------------------------
     0 | D:1      | LostInTranslocation the Demonspawn Alchemist began the
                  | quest for the Orb.
     0 | D:1      | Reached XP level 1. HP: 13/13 MP: 3/3
   218 | D:1      | Gained mutation: You are partially covered in molten
                  | scales. (AC +2) [demonic ancestry]
   218 | D:1      | Reached XP level 2. HP: 19/19 MP: 3/5
   929 | D:1      | Found a faded altar of an unknown god.
  1103 | D:2      | Learned a level 2 spell: Mercury Vapours
  1342 | D:2      | Gained mutation: Your touch may inflict minor irresistible
                  | damage on your foes. [demonic ancestry]
  1342 | D:2      | Reached XP level 3. HP: 24/24 MP: 4/7
  1390 | D:2      | Found a shadowy altar of Dithmenos.
  1484 | D:2      | Noticed Natasha
  1496 | D:2      | Learned a level 3 spell: Mephitic Cloud
  1545 | D:2      | Killed Natasha
  1728 | D:2      | Noticed Natasha
  1736 | D:2      | Killed Natasha
  1737 | D:2      | Gained mutation: You are mostly covered in molten scales.
                  | (AC +3) [demonic ancestry]
  1737 | D:2      | Reached XP level 4. HP: 30/30 MP: 3/8
  1856 | D:2      | Reached skill level 1 in Air Magic
  2216 | D:3      | Gained mutation: Your touch may inflict irresistible damage
                  | on your foes. [demonic ancestry]
  2216 | D:3      | Reached XP level 5. HP: 27/35 MP: 1/10
  2262 | D:3      | Found a glowing drain.
  2271 | Sewer    | Entered a sewer
  2795 | Sewer    | Reached XP level 6. HP: 35/41 MP: 6/11
  3262 | D:3      | Found a stormy altar of Qazlal.
  3419 | D:3      | Reached skill level 1 in Fighting
  3567 | D:3      | Learned a level 4 spell: Fulminant Prism
  4128 | D:4      | Found a radiant altar of Vehumet.
  4144 | D:4      | Reached skill level 2 in Conjurations
  4153 | D:4      | Became a worshipper of Vehumet
  4299 | D:4      | Gained mutation: You are faintly shadowed, very rarely
                  | releasing foul flame when damaged in melee. [demonic
                  | ancestry]
  4299 | D:4      | Reached XP level 7. HP: 48/48 MP: 9/13
  4407 | D:4      | Found a shadowy altar of Dithmenos.
  4408 | D:4      | Found a blossoming altar of Fedhas.
  4624 | D:5      | Entered Level 5 of the Dungeon
  4637 | D:5      | Noticed Ijyb
  4656 | D:5      | Killed Ijyb
  4859 | D:5      | Noticed Pikel
  4925 | D:5      | Identified the flux talisman of the Original Sin {rF+ rC+
                  | MP+9}
  5077 | D:5      | Noticed Grinder
  5083 | D:5      | Reached skill level 3 in Conjurations
  5083 | D:5      | Reached skill level 5 in Alchemy
  5095 | D:5      | Killed Grinder
  5096 | D:5      | Reached skill level 4 in Conjurations
  5114 | D:5      | Noticed Blork the orc
  5137 | D:5      | Killed Blork the orc
  5272 | D:5      | Reached skill level 5 in Conjurations
  5272 | D:5      | Reached XP level 8. HP: 50/54 MP: 11/14
  5619 | D:5      | Killed Pikel
  5620 | D:5      | Reached skill level 7 in Conjurations
  5652 | D:6      | Noticed Prince Ribbit
  5694 | D:6      | Killed Prince Ribbit
  5728 | D:6      | Identified the +3 ring mail of Honesty {rPois}
  5754 | D:6      | Noticed Duvessa
  5766 | D:6      | Noticed Dowan
  5773 | D:6      | Killed Duvessa
  5774 | D:6      | Reached XP level 9. HP: 59/59 MP: 7/15
  5780 | D:6      | Killed Dowan
  5877 | D:6      | Noticed Edmund
  5882 | D:6      | Reached skill level 8 in Conjurations
  5902 | D:6      | Found an opulent altar of Gozag.
  5911 | D:6      | Killed Edmund
  6038 | D:6      | Reached * piety under Vehumet
  6038 | D:6      | Offered knowledge of Foxfire by Vehumet.
  6300 | D:6      | Reached skill level 5 in Spellcasting
  6548 | D:6      | Identified the +11 spear of Woe {protect, ^Fragile Will+
                  | Dex+7}
  6783 | D:7      | Noticed a six-headed hydra
  6783 | D:7      | Found Neafop's Hydra Hut.
  6969 | D:7      | Reached skill level 1 in Shapeshifting
  7271 | D:7      | Found a staircase to the Ecumenical Temple.
  7324 | D:7      | Found a shimmering blue altar of Sif Muna.
  7666 | D:8      | Noticed a two-headed ogre
  7879 | D:7      | Reached skill level 9 in Conjurations
  7953 | D:7      | Gained mutation: Your touch may irresistibly damage your
                  | foes and sap their willpower. [demonic ancestry]
  7953 | D:7      | Reached XP level 10. HP: 38/65 MP: 13/17
  8246 | D:8      | Identified the +2 scale mail of Xicoeh {Rampage Will+}
  8729 | D:9      | Identified the +1 leather armour of Repulsion {rN+ Int+6}
  8842 | D:9      | Offered knowledge of Freeze by Vehumet.
  8842 | D:9      | Reached ** piety under Vehumet
  8935 | D:9      | Noticed Joseph
  8939 | D:9      | Found an iron altar of Okawaru.
  9626 | D:9      | Noticed a cyclops
  9646 | D:9      | Killed a cyclops
  9728 | D:9      | Offered knowledge of Dazzling Flash by Vehumet.
  9745 | D:9      | Learned a level 3 spell: Dazzling Flash
  9919 | D:9      | Found a staircase to the Lair.
 10060 | D:9      | Reached skill level 10 in Conjurations
 10245 | D:9      | Killed Joseph
 10617 | D:10     | Entered Level 10 of the Dungeon
 10637 | D:10     | Reached XP level 11. HP: 77/77 MP: 13/21
 10699 | D:10     | Found a portal to a secret trove of treasure.
 11010 | D:10     | Identified the ring "Zugrudgha" {Fly rCorr}
 11010 | D:10     | Noticed an occultist
 11071 | D:10     | Noticed a two-headed ogre
 11089 | D:10     | Noticed a centaur warrior
 11100 | D:10     | Reached skill level 11 in Conjurations
 11100 | D:10     | Killed a centaur warrior
 11125 | D:10     | Killed a two-headed ogre
 11366 | Lair:1   | Entered Level 1 of the Lair of Beasts
 11507 | Lair:1   | Reached *** piety under Vehumet
 11508 | Lair:1   | Reached skill level 12 in Conjurations
 11822 | Lair:1   | HP: 3/77 [poisoned by a cane toad]
 11903 | Lair:1   | Succumbed to a cane toad's poison

Illustrated notes

Levels and vault maps discovered:
D:1:      heliophobic_arrival_dark_side_of_the_moon, layout_basic,
          dreamdust_ecumenical_altar_grove, serial_glass, glass_columns_c,
          glass_columns_a
D:2:      layout_loops_ring, basic_altar, uniq_natasha
D:3:      corexii_shack_village, layout_basic, nicolae_qazlal_general_emergency,
          portal_sewer_entry_d
D:4:      layout_loops_ring, nicolae_vehumet_altar_sigil,
          gammafunk_temple_overflow_pools
D:5:      layout_loops_cross, uniq_grinder, uniq_pikel, uniq_blork_the_orc,
          uniq_ijyb
D:6:      layout_basic, grunt_gozag_statues, uniq_edmund, uniq_duvessa,
          uniq_prince_ribbit1
D:7:      layout_basic, mainiacjoe_overflow_surrounded_room,
          minmay_temple_entry_mini_moons, hangedman_decor_opposing,
          serial_park_tiny_2, doesnt_shop_hydraphobe
D:8:      layout_rooms
D:9:      layout_roguey [special_room_kobold], okawaru_ov_weapons_minmay,
          lair_entry_dummy, uniq_joseph
D:10:     wad_guarded_room, layout_basic, nicolae_trove_entry_crossroad,
          minmay_shattered_shrine
Lair:1:   layout_big_grid, beast_lair_carwin_1, grunt_megastairs_1

Skill      XL: |  1  2  3  4  5  6  7  8  9 10 11 |
---------------+----------------------------------+-----
Spellcasting   | 3 4 5 7 |  7.9
Air Magic      | 1 3 |  3.2
Alchemy        | 4 5 7 8 9 |  9.0
Dodging        | 2 |  2.2
Fighting       | 1 4 |  4.3
Conjurations   | 2 5 7 9 10 12 | 12.0
Shapeshifting  | 3 |  3.0
Stealth        | |  1.7

Action                     |  1- 3 |  4- 6 |  7- 9 | 10-12 || total
---------------------------+-------+-------+-------+-------++-------
  Melee: Dagger            |    37 |    34 |       |       ||    71
         Touch             |       |    16 |    23 |       ||    39
         Hand axe          |       |    94 |    98 |       ||   192
         Spear             |       |       |    45 |    97 ||   142
  Throw: Boomerang         |       |     1 |     4 |     2 ||     7
   Cast: Sting             |    31 |    59 |    46 |    30 ||   166
         Mercury Vapours   |     2 |    22 |    23 |    14 ||    61
         Fulminant Prism   |       |       |    15 |    77 ||    92
  Evoke: Wand              |       |       |     4 |       ||     4
    Use: Scroll            |       |    11 |     5 |    10 ||    26
         Potion            |       |       |     2 |     4 ||     6
   Stab: Sleeping          |     1 |     2 |       |       ||     3
         Distracted        |       |     1 |       |     1 ||     2
         Paralysed         |       |       |     5 |       ||     5
 Armour: Robe              |    15 |       |       |       ||    15
         Troll leather arm |     5 |   102 |   107 |    13 ||   227
         Skin              |       |       |     2 |       ||     2
         Leather armour    |       |       |       |    88 ||    88
  Dodge: Dodged            |    23 |    90 |   109 |    83 ||   305
  Block: Other             |       |       |    31 |       ||    31
         Reflection        |       |       |     1 |       ||     1
         Form:             |       |       |     3 |       ||     3
         Flux              |       |       |     1 |       ||     1
         Statue            |       |       |     2 |       ||     2

Table legend: (Time is in decaauts)
 A = Elapsed time spent in this place.
 B = Non-inter-level travel time spent in this place.
 C = Inter-level travel time spent in this place.
 D = Time resting spent in this place.
 E = Time spent auto-exploring this place.
 F = Levels seen in this place.
 G = Mean time per level.
                   A        B        C        D        E       F      G
               +--------+--------+--------+--------+--------+-----+--------+
         Total |  12116 |  11041 |   1075 |   1857 |   6546 |  12 | 1009.7 |
       Dungeon |  10922 |   9883 |   1039 |   1523 |   6178 |  10 | 1092.2 |
          Lair |    540 |    504 |     36 |    284 |     65 |   1 |  540.0 |
         Sewer |    652 |    652 |      0 |     50 |    303 |   1 |  652.0 |
               +--------+--------+--------+--------+--------+-----+--------+

Top non-repeatable levels by time:
     D:9: 2145 daAuts
     D:3: 1238 daAuts
     D:7: 1174 daAuts
     D:6: 1165 daAuts
     D:5: 1054 daAuts
     D:2: 1024 daAuts
     D:1: 1015 daAuts
     D:4: 800 daAuts
     D:8: 703 daAuts
   Sewer: 652 daAuts
    D:10: 599 daAuts
  Lair:1: 540 daAuts
